cohdb
Replays
Latest Replays
All Replays
Popular Replays
Top Player Replays
Match Explorer
How It Works
Community
CoH3 Stats
Reddit
Sign in to upload your games and track your stats! →
Sign in with Steam
Match 44305660
Unlisted
Match 44305660
Overview
Messages
Build Orders
End
Construct Infanterie Kompanie
Pioneer Squad
MG 42 Machine Gun Team
Selects Breakthrough Battlegroup
Selects Breakthrough Battlegroup
Selects Assault Grenadiers
Grenadier Squad
Construct Panzergrenadier Kompanie
Selects 2.5-tonne Cargo Truck
Panzergrenadier Squad
Construct Luftwaffe Kompanie
Medical Station
Jäger Squad
Selects Breakthrough
Selects Mechanized Assault Group
Mechanized Assault Group
给你一枪
Valar[M]orgHulis
waja0514
8Bit
Skyguy
HOLD THE LINE
akkhs2lee
후암후암
0
0
Comments
sign in to comment!
No comments posted yet!